 Dungeon Crawl Stone Soup version 0.21.1-1-g345015f (webtiles) character file.

5805 Monsterracer the Cleaver (level 10, -12/91 HPs)
             Began as a Deep Dwarf Ice Elementalist on July 12, 2018.
             Was a Priest of Makhleb.
             Mangled by a two-headed ogre
             ... wielding a +0 giant club
              (13 damage)
             ... on level 8 of the Dungeon.
             The game lasted 00:30:04 (9200 turns).

Monsterracer the Cleaver (DDIE)                     Turns: 9200, Time: 00:30:05

Health: -12/91     AC: 17    Str: 14    XL:     10   Next: 50%
Magic:  0/0        EV: 10    Int: 20    God:    Makhleb [***...]
Gold:   27         SH:  6    Dex: 13    Spells: 12/12 levels left

rFire    . . .     SeeInvis .   a - +0 war axe
rCold    + . .     Gourm    +   l - +1 buckler {rN+}
rNeg     + . .     Faith    .   p - +3 scale mail {rC+}
rPois    .         Spirit   .   q - +2 helmet {Int+3}
rElec    .         Reflect  .   j - -1 cloak (curse)
rCorr    .         Harm     .   i - +2 pair of gloves
MR       +....                  (no boots)
Stlth    +.........             m - amulet of the gourmand
HPRegen  0.00/turn              (no ring)
MPRegen  0.07/turn              (no ring)

@: non-regenerating
A: damage resistance, heal wounds, sense surroundings 2, no regeneration
a: Heal Wounds, Minor Destruction, Lesser Servant of Makhleb, Renounce Religion


You were on level 8 of the Dungeon.
You worshipped Makhleb.
Makhleb was most pleased with you.
You were not hungry.

You visited 2 branches of the dungeon, and saw 9 of its levels.

You collected 515 gold pieces.
You spent 488 gold pieces at shops.

Inventory:

Hand Weapons
 a - a +0 war axe (weapon)
Armour
 i - a +2 pair of gloves (worn)
 j - a cursed -1 cloak (worn)
 l - a +1 buckler of positive energy (worn)
 p - a +3 scale mail of cold resistance (worn)
 q - a +2 helmet of intelligence (worn)
 r - a +0 chain mail of cold resistance
 x - a +0 plate armour
Jewellery
 g - the amulet "Naarui" {Inacc +Fly}
   (You found it on level 7 of the Dungeon)

   [amulet of inaccuracy]

   It reduces the accuracy of all your attacks.
   It lets you fly.
 m - an amulet of the gourmand (around neck)
 y - an uncursed ring of fire
Wands
 f - a wand of iceblast (5)
 o - a wand of enslavement (4)
Scrolls
 b - 2 scrolls of enchant weapon
 d - 2 scrolls of magic mapping {!r}
 k - 2 scrolls of teleportation
 n - 4 scrolls of identify
 t - 2 scrolls of remove curse
 v - a scroll of enchant armour
Potions
 e - 2 potions of brilliance
 h - a potion of resistance
 s - 2 potions of curing
 u - a potion of mutation {!q}
 w - a potion of cancellation
Miscellaneous
 z - a lamp of fire (inert)
Comestibles
 c - 5 rations


   Skills:
 + Level 6.2 Fighting
 * Level 10.6 Axes
 + Level 6.5 Armour
 - Level 2.1 Dodging
 - Level 2.4 Stealth
 - Level 4.0 Shields
 - Level 1.7 Spellcasting
   Level 0.8 Conjurations
   Level 2.6 Ice Magic
 + Level 8.6 Invocations
 + Level 3.4 Evocations


You had 12 spell levels left.
You didn't know any spells.

Dungeon Overview and Level Annotations

Branches:
Dungeon (8/15)             Temple (1/1) D:4            Lair (0/6) D:8

Altars:
Ashenzari
Cheibriados
Dithmenos
Elyvilon
Fedhas
Gozag
Hepliaklqana
Kikubaaqudgha
Makhleb
Nemelex Xobeh
Okawaru
Qazlal
Ru
Sif Muna
Trog
Uskayaw
Vehumet
Wu Jian
Xom
Yredelemnul
Zin
The Shining One

Shops:
D:5 [   D:7 *

Annotations:
D:6 exclusion: door


Innate Abilities, Weirdness & Mutations

You are resistant to damage.
You can heal yourself by infusing magical energy.
You passively map the area around you.
You do not regenerate.


Message History

Wear which item? (? for menu, Esc to quit)
You start putting on your armour.
You continue putting on your cloak. x4
You finish putting on your cursed -1 cloak.
Oops, that feels deathly cold.
Okay, then.
You see here 23 arrows.
There is a stone staircase leading down here.
You see here a stone.
Okay, then.
You climb downwards.
There is a stone staircase leading up here.
Okay, then.
Search for what [Enter for "in_shop", or ? for help]?
Search for what [Enter for "in_shop", or ? for help]?
Search for what [Enter for "in_shop", or ? for help]? .
Things that are here:
a club; a giant club You see here a giant club.
You see here a lamp of fire.
z - a lamp of fire You see here a giant club.
Things that are here:
a chain mail; a dire flail; an orc corpse Done exploring.
Things that are here:
a ring mail; a javelin You see here a javelin.
The troll shouts!
The troll is too close now for your liking.
You see here a javelin.
Evoke which item? (* to show all) (? for menu, Esc to quit)
Aim the lamp in which direction?
Press: ? - help, Dir - move target cursor, f - troll
Aim: a troll The flames dance!
The trail of fire hits the troll.
The troll is heavily wounded.
The troll is engulfed in blazing flames.
The troll is engulfed in blazing flames.
You kill the troll!
Makhleb accepts your kill.
You feel better.
You regained 7 hp, and now have 22/91 hp.
There is a stone staircase leading down, spattered with blood here.
You climb downwards.
The black bear growls angrily.
There is a stone staircase leading up here.
You see here a ration.
c - 5 rations (gained 1)
An orc comes into view. It is wielding a dagger.
Evoke which item? (* to show all) (? for menu, Esc to quit)
Okay, then.
You hit the black bear.
The black bear is lightly wounded.
The black bear bites you but does no damage.
The black bear claws you but does no damage.
The black bear misses you.
Your scale mail prevents you from hitting the black bear.
The black bear is lightly wounded.
The black bear completely misses you. The black bear misses you.
You block the black bear's attack.
You barely miss the black bear.
The black bear is lightly wounded.
You block the black bear's attack.
The black bear claws you but does no damage.
The black bear barely misses you.
You hit the black bear.
The black bear is lightly wounded.
The black bear barely misses you.
The black bear claws you but does no damage. x2
You see here an arrow.
You see here 2 arrows.
The bullfrog hits you.
You closely miss the bullfrog. You slash the black bear!
The bullfrog closely misses you. The black bear closely misses you.
You block the black bear's attack. The black bear barely misses you.
You barely miss the bullfrog. You hit the black bear.
The bullfrog hits you but does no damage.
The black bear closely misses you.
The black bear claws you but does no damage. x2
The bullfrog hits you but does no damage.
You slash the bullfrog!
The bullfrog is heavily wounded.
You slash the black bear!
You kill the black bear!
Makhleb accepts your kill. You block the bullfrog's attack.
You closely miss the bullfrog.
The bullfrog is heavily wounded.
You slash the two-headed ogre! The bullfrog hits you.
* * * LOW HITPOINT WARNING * * *
The two-headed ogre closely misses you.
The two-headed ogre hits you with a giant club!!
* * * LOW HITPOINT WARNING * * *
You take 21 damage, and have 1/91 hp.
MASSIVE DAMAGE!!
You barely miss the bullfrog.
The bullfrog is heavily wounded.
You hit the two-headed ogre. The bullfrog misses you.
The bullfrog hits you but does no damage.
The two-headed ogre hits you with a giant club!
You die...

......PP....P.#.# , , * ,,
.. .###........###.# *, *
## . ###...#### .# * ## * ,
##..## ##.###...,, *,
..####...## #........** ,*
.......<..## #........ , ,*
#.>#......O####.# ,
##............#O## , *,
#.........##[(#@## #
*#..#.....###(###F####..#.#
* * .o...........##
##.<....... ,, ,
##..###.....# #.#####.###
,...,.......# #.# ##
###.....#,#.# * *
##...##... , #.. ### * * ,,
* *,


You could see a two-headed ogre and a bullfrog.

Vanquished Creatures
  Pikel (D:3)
  2 trolls (D:7)
  2 hippogriffs (D:7)
  The ghost of dscm the Shield-Bearer, an amateur OpFi (D:5)
  A hungry ghost (D:7)
  Menkaure (D:4)
  5 ice beasts
  A slave (D:4)
  5 orc warriors
  A sky beast (D:7)
  An eye of draining (D:7)
  A black bear (D:8)
  2 phantoms
  A necrophage (D:7)
  6 ogres
  3 centaurs
  3 bullfrogs (D:7)
  A wyvern zombie (D:7)
  A wyvern skeleton (D:7)
  2 scorpions (D:4)
  5 killer bees
  The ghost of dscm the Chopper, a weakling DsGl (D:3)
  2 howler monkeys
  A crimson imp (D:7)
  3 quasits
  3 jellies
  3 bullfrog skeletons
  3 hounds
  4 orc priests
  5 orc wizards
  4 centaur skeletons
  4 iguanas
  3 worker ants
  4 gnolls
  6 adders
  2 shadow imps (D:7)
  An ooze (D:7)
  3 dart slugs
  2 leopard geckos
  30 orcs
  3 bats
  7 giant cockroaches
  4 goblins
  4 hobgoblins
  11 jackals
  2 quokkas
  A ball python (D:3)
  3 frilled lizards
  3 kobolds (D:3)
  A leopard gecko skeleton (D:4)
  2 leopard gecko zombies
  4 rats
175 creatures vanquished.

Vanquished Creatures (collateral kills)
  An orc warrior (D:7)
  2 orcs (D:8)
3 creatures vanquished.

Vanquished Creatures (others)
  An orc warrior (D:8)
  A human (D:3)
  A bullfrog skeleton (D:5)
  A worker ant (D:5)
  6 fungi (D:8)
  A plant (D:8)
11 creatures vanquished.

Grand Total: 189 creatures vanquished

Notes
Turn   | Place    | Note
-------+----------+-------------------------------------------
     0 | D:1      | Monsterracer the Deep Dwarf Ice Elementalist began the quest for the Orb.
     0 | D:1      | Reached XP level 1. HP: 15/15 MP: 3/3
   153 | D:1      | Reached skill level 1 in Fighting
   254 | D:1      | Reached XP level 2. HP: 17/25 MP: 1/4
   656 | D:1      | HP: 11/25 [hobgoblin/club (6)]
  1192 | D:2      | HP: 7/26 [goblin/dagger (4)]
  1854 | D:3      | Found an ancient bone altar of Kikubaaqudgha.
  1912 | D:3      | Noticed dscm's ghost (weakling DsGl)
  1974 | D:3      | Reached XP level 3. HP: 26/33 MP: 4/4
  2074 | D:3      | HP: 16/33 [orc/flail (6)]
  2087 | D:3      | HP: 12/33 [orc/club (4)]
  2095 | D:3      | HP: 12/33 [orc/flail (5)]
  2104 | D:3      | HP: 10/33 [orc (2)]
  2260 | D:3      | Found a stormy altar of Qazlal.
  2322 | D:3      | Reached skill level 1 in Axes
  2437 | D:3      | Noticed a human
  2440 | D:3      | Killed a human
  2633 | D:4      | Found a staircase to the Ecumenical Temple.
  2636 | D:4      | Found a faded altar of an unknown god.
  2643 | Temple   | Entered the Ecumenical Temple
  2660 | Temple   | Became a worshipper of Makhleb the Destroyer
  2761 | D:4      | Noticed a scorpion
  2772 | D:4      | HP: 14/33 [scorpion (3)]
  2775 | D:4      | Killed a scorpion
  2775 | D:4      | Reached skill level 3 in Axes
  2775 | D:4      | Reached XP level 4. HP: 16/40 MP: 0/4
  2816 | D:4      | Noticed a slave
  2925 | D:4      | Reached XP level 5. HP: 33/46 MP: 0/5
  3073 | D:4      | Noticed a centaur
  3075 | D:4      | HP: 15/46 [centaur/arrow (15)]
  3090 | D:4      | HP: 20/46 [centaur (6)]
  3096 | D:4      | HP: 19/46 [centaur (1)]
  3098 | D:4      | Killed a centaur
  3098 | D:4      | Reached skill level 5 in Axes
  3179 | D:4      | Noticed a slave
  3187 | D:5      | Entered Level 5 of the Dungeon
  3204 | D:5      | Noticed dscm's ghost (amateur OpFi)
  3211 | D:5      | HP: 19/46 [orc priest/divine providence (9)]
  3237 | D:4      | Killed a slave
  3277 | D:4      | Noticed Pikel
  3279 | D:4      | Noticed a slave
  3280 | D:4      | Noticed a slave
  3298 | D:4      | HP: 23/46 [Pikel/whip of flaming (3)]
  3312 | D:3      | HP: 19/46 [Pikel/whip of flaming (5)]
  3313 | D:3      | Killed Pikel
  3313 | D:3      | Reached skill level 8 in Axes
  3313 | D:3      | Reached XP level 6. HP: 23/55 MP: 1/4
  3313 | D:3      | Reached XP level 7. HP: 25/61 MP: 1/5
  3429 | D:4      | Noticed Menkaure
  3435 | D:4      | HP: 29/61 [??? (24)]
  3441 | D:4      | HP: 18/61 [??? (10)]
  3445 | D:4      | Killed Menkaure
  3445 | D:4      | Reached skill level 1 in Armour
  3445 | D:4      | Reached skill level 1 in Invocations
  3457 | D:4      | HP: 30/62 [scorpion (5)]
  3540 | D:4      | Found an opulent altar of Gozag.
  3948 | D:5      | HP: 25/62 [acid (7)]
  4022 | D:5      | Reached * piety under Makhleb
  4135 | D:5      | Killed dscm's ghost
  4135 | D:5      | Reached XP level 8. HP: 52/70 MP: 5/5
  4197 | D:5      | Found Juvvont's Antique Armour Shoppe.
  4207 | D:5      | Bought a shiny helmet for 172 gold pieces
  4278 | D:5      | HP: 33/72 [orc priest/divine providence (10)]
  4291 | D:5      | HP: 27/72 [orc priest/divine providence (5)]
  4432 | D:5      | HP: 34/72 [ogre/giant spiked club (8)]
  4439 | D:5      | HP: 21/72 [ogre/giant spiked club (28)]
  4622 | D:3      | Found an ancient bone altar of Kikubaaqudgha.
  4650 | D:3      | HP: 32/72 [dscm's ghost (8)]
  4655 | D:3      | HP: 24/72 [dscm's ghost (5)]
  4657 | D:3      | Killed dscm's ghost
  4965 | D:6      | Reached skill level 9 in Axes
  5268 | D:6      | Reached ** piety under Makhleb
  5287 | D:6      | HP: 32/73 [orc warrior/stone (9)]
  5295 | D:6      | HP: 28/73 [ice beast (4)]
  5300 | D:5      | Reached skill level 5 in Invocations
  5694 | D:6      | Gained mutation: You passively map the area around you. [Deep Dwarf growth]
  5694 | D:6      | Reached XP level 9. HP: 51/79 MP: 4/4
  5724 | D:6      | HP: 33/79 [orc warrior/stone (7)]
  5883 | D:6      | HP: 40/80 [killer bee (1)]
  5889 | D:6      | HP: 33/80 [killer bee (5)]
  5894 | D:6      | HP: 20/80 [killer bee (1)]
  5896 | D:6      | HP: 7/80 [killer bee (6)]
  5901 | D:6      | HP: 19/80 [poisoned by a killer bee]
  5998 | D:7      | Reached skill level 5 in Fighting
  6034 | D:7      | HP: 40/81 [killer bee (5)]
  6043 | D:7      | Found Giss's Assorted Antiques.
  6061 | D:7      | HP: 39/81 [ogre/giant club (6)]
  6062 | D:7      | Reached skill level 5 in Armour
  6093 | D:7      | HP: 39/81 [ice beast (4)]
  6100 | D:7      | Reached skill level 1 in Evocations
  6104 | D:7      | HP: 40/81 [orc warrior/hand axe (2)]
  6119 | D:7      | HP: 34/81 [orc warrior/hand axe (4)]
  6129 | D:8      | HP: 49/121 [orc warrior/hand axe (2)]
  6135 | D:8      | HP: 46/121 [orc warrior/hand axe (3)]
  6140 | D:8      | HP: 35/121 [orc warrior/hand axe (9)]
  6146 | D:8      | HP: 25/121 [orc warrior/war axe (4)]
  6147 | D:8      | HP: 11/121 [orc warrior/war axe (14)]
  6152 | D:8      | HP: 26/121 [orc warrior/war axe (6)]
  6160 | D:8      | HP: 25/81 [orc warrior/war axe (9)]
  6208 | D:8      | Noticed a two-headed ogre
  6261 | D:8      | Found a staircase to the Lair.
  6264 | D:8      | HP: 33/81 [orc warrior/glaive (11)]
  6271 | D:8      | HP: 29/81 [ice beast (1)]
  6277 | D:7      | HP: 25/81 [bullfrog (4)]
  6282 | D:7      | HP: 21/81 [worker ant (1)]
  6347 | D:7      | HP: 40/81 [ogre/giant club (11)]
  6349 | D:7      | HP: 16/81 [ogre/giant club (7)]
  6423 | D:7      | HP: 28/81 [ogre/giant club (14)]
  6453 | D:7      | HP: 32/81 [ogre/giant club (11)]
  6491 | D:7      | HP: 36/81 [ogre/giant club (7)]
  6496 | D:7      | HP: 26/81 [ogre/giant club (10)]
  6560 | D:7      | Reached skill level 10 in Axes
  6562 | D:7      | HP: 36/81 [orc warrior/long sword (5)]
  6567 | D:7      | HP: 38/82 [orc warrior/long sword (13)]
  6572 | D:7      | HP: 34/82 [howler monkey (3)]
  6618 | D:7      | HP: 33/82 [adder (2)]
  6634 | D:7      | HP: 33/82 [iguana (3)]
  6644 | D:7      | Reached *** piety under Makhleb
  6653 | D:7      | HP: 34/82 [bullfrog (4)]
  6698 | D:7      | HP: 30/82 [ice beast (4)]
  6704 | D:7      | HP: 29/82 [ice beast (1)]
  6709 | D:7      | HP: 23/82 [ice beast (3)]
  6723 | D:7      | Reached XP level 10. HP: 27/91 MP: 1/1
  6817 | D:5      | Bought a shiny buckler for 172 gold pieces
  7187 | D:7      | Reached skill level 1 in Shields
  7463 | D:6      | HP: 34/91 [orc warrior/short sword (20)]
  7483 | D:6      | HP: 43/91 [orc warrior/short sword (3)]
  7492 | D:6      | HP: 35/91 [orc warrior/short sword (8)]
  7880 | D:7      | HP: 40/91 [troll (10)]
  7903 | D:7      | HP: 21/91 [troll (10)]
  7953 | D:7      | HP: 16/91 [troll (5)]
  8214 | D:7      | HP: 29/91 [ogre/giant club (15)]
  8236 | D:7      | HP: 32/91 [acid (3)]
  8312 | D:7      | HP: 25/91 [sky beast (2)]
  8427 | D:7      | HP: 32/91 [hungry ghost (1)]
  8438 | D:7      | HP: 31/91 [hungry ghost (1)]
  8625 | D:8      | HP: 37/91 [orc warrior/glaive (10)]
  8631 | D:8      | HP: 31/91 [orc warrior/glaive (3)]
  8639 | D:8      | HP: 23/91 [orc warrior/glaive (8)]
  8660 | D:8      | Noticed a two-headed ogre
  8662 | D:7      | HP: 43/91 [troll (4)]
  8700 | D:7      | HP: 34/91 [troll (7)]
  8709 | D:7      | HP: 24/91 [troll (9)]
  8714 | D:7      | HP: 19/91 [troll (4)]
  8721 | D:7      | HP: 26/91 [phantom (6)]
  8862 | D:7      | Got a scintillating graven amulet
  8864 | D:7      | Identified the amulet "Naarui" {Inacc +Fly} (You found it on level 7 of the Dungeon)
  8878 | D:7      | HP: 32/91 [orc warrior/scimitar (4)]
  8965 | D:7      | HP: 29/91 [troll (2)]
  8975 | D:7      | HP: 15/91 [orc warrior/javelin (7)]
  9028 | D:7      | Bought a cloak for 144 gold pieces
  9199 | D:8      | HP: 20/91 [bullfrog (2)]
  9199 | D:8      | HP: 1/91 [two-headed ogre/giant club (19)]
  9200 | D:8      | Mangled by a two-headed ogre

Skill      XL: |  1  2  3  4  5  6  7  8  9 10 |
---------------+-------------------------------+-----
Fighting       | 1 2 3 4 5 6 |  6.2
Axes           | 3 8 9 10 | 10.6
Armour         | 2 4 6 |  6.5
Invocations    | 3 5 7 8 |  8.6
Evocations     | 3 |  3.4
Shields        | 4 |  4.0
Dodging        | |  2.1
Stealth        | |  2.4
Spellcasting   | |  1.7
Conjurations   | |  0.8
Ice Magic      | |  2.6

Action                   |  1- 3 |  4- 6 |  7- 9 | 10-12 || total
-------------------------+-------+-------+-------+-------++-------
Melee: Mace              |    26 |       |       |       ||    26
       Unarmed           |     1 |       |    14 |       ||    15
       Hand axe          |    61 |    50 |   507 |       ||   618
       War axe           |       |       |   182 |   256 ||   438
 Cast: Freeze            |    49 |    13 |       |       ||    62
 Abil: Heal Wounds       |     3 |     6 |    30 |     6 ||    45
Evoke: Wand              |       |       |     2 |     2 ||     4
       Lamp of fire      |       |       |       |     1 ||     1
  Use: Scroll            |     9 |     2 |     7 |     2 ||    20
       Potion            |       |       |     5 |     2 ||     7
 Stab: Sleeping          |     1 |       |       |       ||     1
  Eat: Chunk             |     7 |     3 |     9 |    11 ||    30
       Ration            |       |       |     1 |     2 ||     3
Armor: Robe              |    25 |    20 |       |       ||    45
       Chain mail        |       |       |   561 |   149 ||   710
       Skin              |       |       |     9 |       ||     9
       Scale mail        |       |       |       |    11 ||    11
Dodge: Dodged            |    88 |    41 |   181 |    87 ||   397
Block: Buckler           |       |       |       |    52 ||    52

Vault maps used:
D:1:      dpeg_arrival_chambers_temple_mockup
D:3:      overflow_temple_1_default, serial_forest,
          infiniplex_forest_clump_tiny, infiniplex_forest_clump_small,
          infiniplex_forest_end_2, infiniplex_forest_straight_1,
          infiniplex_forest_zigzag_1, infiniplex_forest_lined_room_3,
          infiniplex_forest_lined_3, infiniplex_forest_clump_small, hex_large,
          tgw_kikubaaqudgha
D:4:      nicolae_temple_entry_ecumenical, first_ration,
          grunt_gozag_breadcrumbs, uniq_pikel, uniq_menkaure
D:5:      serial_shops, nicolae_shop_competitors_out_of_business,
          grunt_ministairs_3
D:6:      cheibrodos_two_vegetables, minmay_misc_feat_x
D:7:      minmay_the_grid_octo_tiled_octocenter, serial_shops,
          nicolae_shop_temple_entry_statues_fountains
D:8:      grunt_lair_entry_orc_guard_hut, serial_glass, glass_columns_a,
          glass_columns_c, glass_columns_b, glass_columns_c, glass_columns_a,
          glass_columns_b
Temple:   compressed_dpeg_circular_temple
